Construct Infanterie Kompanie
Selects Mechanized Battlegroup
Construct Luftwaffe Kompanie
Selects Mobile Repair Stations
Luftwaffe Officer Quarters
Selects Wespe Self-propelled Artillery
Wespe Self-propelled Artillery
Wespe Self-propelled Artillery
Marder III M Tank Destroyer
Marder III M Tank Destroyer
Marder III M Tank Destroyer
Selects Zeroing Artillery Barrage
Marder III M Tank Destroyer
Selects 8 Rad Armored Car
Selects UNKNOWN (2160084)